 Dungeon Crawl Stone Soup version 0.14-a0-181-gf6fe0c6 (webtiles) character file.

525 Deemzul the Insei (level 6, -1/42 HPs)
             Began as an Octopode Monk on Oct 6, 2013.
             Slain by an orc priest
             ... wielding a +0,+0 orcish hand axe
              (8 damage)
             ... on Level 5 of the Dungeon.
             The game lasted 00:08:46 (2926 turns).

Deemzul the Insei (Octopode Monk)                   Turns: 2926, Time: 00:08:46

HP  -1/42        AC  1     Str 10      XL: 6   Next: 56%
MP   5/5         EV 19     Int 13      God:
Gold 185         SH  0     Dex 16      Spells:  0 memorised,  5 levels left

Res.Fire  : . . .   See Invis. : .     - Unarmed
Res.Cold  : . . .   Warding    : .   (no shield)
Life Prot.: . . .   Conserve   : .   (helmet restricted)
Res.Poison: +       Res.Corr.  : .   (no amulet)
Res.Elec. : .       Clarity    : .   g - +5 ring of evasion
Sust.Abil.: . .     Spirit.Shd : .   k - cursed ring of poison resistance
Res.Mut.  : .       Stasis     : .   (no ring)
Res.Rott. : .       Flight     : .   (no ring)
Saprovore : . . .                    (no ring)
                                     (no ring)
                                     (no ring)
                                     (no ring)

@: slightly resistant to hostile enchantments, quite stealthy
A: almost no armour, amphibious, 8 rings, constrict 8, camouflage 1, AC +1
a: no special abilities


You were on level 5 of the Dungeon.
You were hungry.

You visited 1 branch of the dungeon, and saw 5 of its levels.

You collected 185 gold pieces.

Inventory:

Missiles
 o - 5 poisoned tomahawks (quivered)
Magical devices
 h - a wand of frost (16)
 i - a wand of flame (14)
Comestibles
 a - a pear
 b - a bread ration
 d - 4 apples
 p - a meat ration
 r - an apricot
 s - a slice of pizza
 w - 2 rotting chunks of worker ant flesh
Scrolls
 c - a scroll of random uselessness {unknown}
 e - a scroll of remove curse {unknown}
 f - 2 scrolls of noise
 m - a scroll of enchant weapon I {unknown}
 q - a scroll of curse weapon
 u - a scroll of identify
 v - a scroll of curse jewellery {unknown}
 x - a scroll of recharging {unknown}
Jewellery
 g - a +5 ring of evasion (left tentacle)
 k - a cursed ring of poison resistance (right tentacle)
Potions
 j - 3 potions of curing
 l - 2 potions of heal wounds
 n - 2 potions of restore abilities
 t - a potion of degeneration {unknown}


   Skills:
 + Level 4.5 Fighting
 + Level 4.2 Dodging
 - Level 3.0 Stealth
 * Level 6.0 Unarmed Combat


You had 5 spell levels left.
You didn't know any spells.

Dungeon Overview and Level Annotations

Branches:
Dungeon (5/27)
 Temple: D:4-7

Altars:
Trog

Annotations:
D:2 Ijyb


Innate Abilities, Weirdness & Mutations

You cannot wear most types of armour.
You are amphibious.
You can wear up to eight rings at the same time.
You can use your tentacles to constrict many enemies at once.
Your skin changes colour to match your surroundings (Stlth).
Your rubbery body absorbs attacks (AC +1).


Message History

You squeeze the orc wizard.
The orc wizard is heavily wounded.
You constrict the orc wizard, but do no damage.
The orc wizard hits you with an orcish dagger.
You hit the orc wizard. You tentacle-slap the orc wizard.
The orc wizard is almost dead.
You constrict the orc wizard.
You kill the orc wizard!
Your Unarmed Combat skill increases to level 6!
Things that are here:
an orcish dagger; an orcish robe You start resting.
The orc shouts!
The orc hits you with an orcish war axe!
The orc priest invokes the aid of Beogh against you.
Something smites you!
* * * LOW HITPOINT WARNING * * *
You barely miss the orc priest. Your grab misses the orc priest.
The orc priest hits you with an orcish hand axe!
You die...

#........#.#..#.##..)
########.#.#..#.##...
##########.#..#.##...
#..........#.........
........>.............
#.#####.#.....##.###.
#.#..#####.# #.
#####.#..# #.# #.
#o@.).##.# #.# #.
#o######.# #.# #. #.
#.# #.# #. #. #.# #.#
#. #o #.# #.# #. #o
#.# #.. #. .. #.# #.
## #. #.


You could see an orc priest and 3 orcs.

Vanquished Creatures
  2 scorpions (D:4)
  An orc wizard (D:5)
  A water moccasin zombie (D:5)
  3 worker ants
  Jessica (D:3)
  Terence (D:3)
  4 gnolls (D:3)
  2 adders
  2 worms (D:2)
  2 giant geckos
  4 orcs (D:4)
  A ball python (D:2)
  3 bats
  8 giant cockroaches
  6 goblins
  10 hobgoblins
  3 jackals (D:2)
  2 quokkas (D:2)
  5 kobolds
  A kobold skeleton (D:4)
  An orc zombie (D:5)
  4 rats
67 creatures vanquished.

Notes
Turn   | Place    | Note
--------------------------------------------------------------
     0 | D:1      | Deemzul, the Octopode Monk, began the quest for the Orb.
     0 | D:1      | Reached XP level 1. HP: 14/14 MP: 0/0
   554 | D:2      | Reached XP level 2. HP: 5/19 MP: 1/1
   961 | D:2      | Reached XP level 3. HP: 21/25 MP: 2/2
  1078 | D:2      | Noticed Ijyb
  1155 | D:2      | Found a bloodstained altar of Trog.
  1462 | D:3      | Reached XP level 4. HP: 22/30 MP: 3/3
  1720 | D:3      | Noticed Jessica
  1738 | D:3      | Killed Jessica
  1754 | D:3      | Noticed Terence
  1774 | D:3      | Killed Terence
  2198 | D:4      | Reached skill level 5 in Unarmed Combat
  2198 | D:4      | Reached XP level 5. HP: 36/36 MP: 4/4
  2199 | D:4      | Noticed an ogre
  2576 | D:4      | Reached XP level 6. HP: 23/42 MP: 5/5
  2707 | D:5      | Entered Level 5 of the Dungeon
  2918 | D:5      | Reached skill level 6 in Unarmed Combat
  2926 | D:5      | Slain by an orc priest

Action                   |  1- 3 |  4- 6 || total
-------------------------+-------+-------++-------
Melee: Unarmed           |    85 |   101 ||   186
Evoke: Wand              |       |     1 ||     1
  Use: Scroll            |       |     6 ||     6
       Potion            |       |     3 ||     3
 Stab: Sleeping          |     5 |     3 ||     8
       Distracted        |       |     2 ||     2
